 Dungeon Crawl Stone Soup version 0.19.5 (webtiles) character file.

7405 Jerry the Carver (level 10, -1/90 HPs)
             Began as a Minotaur Fighter on Apr 3, 2017.
             Was a Priest of Okawaru.
             Slain by an orc knight
             ... wielding a +0 war axe
              (10 damage)
             ... in a bailey.
             The game lasted 00:28:42 (11032 turns).

Jerry the Carver (Minotaur Fighter)                Turns: 11032, Time: 00:28:43

Health: -1/90      AC: 21    Str: 22    XL:     10   Next: 92%
Magic:  13/13      EV:  6    Int:  7    God:    Okawaru [***...]
Gold:   526        SH:  0    Dex: 10    Spells: 0 memorised, 9 levels left

rFire  . . .     SeeInvis +     j - +4 triple sword (holy)
rCold  . . .     Gourm    .     F - +4 plate armour
rNeg   . . .     Faith    .     (shield currently unavailable)
rPois  .         Spirit   .     d - +1 hat
rElec  .         Reflect  .     c - +0 cloak {+Inv}
rCorr  .         Harm     .     y - +0 pair of gloves
MR     .....                    (no boots)
Stlth  ..........               (no amulet)
                                w - ring of flight
                                r - ring of see invisible

@: heavily drained
A: retaliatory headbutt, horns 2
a: Heroism, Renounce Religion, Evoke Invisibility, Evoke Flight


You were in a bailey.
You worshipped Okawaru.
Okawaru was most pleased with you.
You were not hungry.

You visited 2 branches of the dungeon, and saw 11 of its levels.
You also visited: Ossuary and Bailey.

You collected 526 gold pieces.

Inventory:

Hand Weapons
 a - a +0 long sword
 j - a +4 triple sword of holy wrath (weapon)
 p - a +3 dagger of venom
Armour
 b - a +0 scale mail
 c - a +0 cloak of invisibility (worn)
 d - a +1 hat (worn)
 y - a +0 pair of gloves (worn)
 F - a +4 plate armour (worn)
Jewellery
 r - a ring of see invisible (left hand)
 w - a ring of flight (right hand)
Wands
 s - a wand of polymorph (11/24)
 z - a wand of paralysis (19/24)
Scrolls
 e - 7 scrolls of remove curse
 g - 8 scrolls of teleportation
 h - 4 scrolls of identify
 n - 2 scrolls of blinking
 o - a scroll of amnesia
 q - 2 scrolls of recharging
 C - 2 scrolls of fog
 E - a scroll of immolation
 I - a scroll of magic mapping
 J - a scroll of silence {unknown}
 K - a scroll of noise {unknown}
 L - a scroll of enchant weapon
Potions
 i - a potion of mutation
 k - 4 potions of agility
 l - 7 potions of curing
 t - 2 potions of brilliance
 v - a potion of ambrosia
 x - 2 potions of lignification
 A - 3 potions of heal wounds
 B - 2 potions of resistance
 H - 2 potions of flight
Books
 G - a Young Poisoner's Handbook

   Spells                             Type                      Level
   a - Sting                          Conjuration/Poison           1
   b - Mephitic Cloud                 Conjuration/Poison/Air       3
   c - Olgreb's Toxic Radiance        Poison                       4
   d - Alistair's Intoxication        Transmutation/Poison         5
   e - Venom Bolt                     Conjuration/Poison           5
Comestibles
 f - 4 bread rations
 m - 8 meat rations
 u - 4 chunks of flesh
 D - 7 slices of pizza


   Skills:
 + Level 8.6(6.9) Fighting
 * Level 11.3(9.4) Long Blades
 + Level 9.2(7.4) Armour
 + Level 5.7(4.1) Stealth
   Level 3.6(2.0) Shields
 + Level 4.3(2.7) Invocations
 + Level 5.8(4.1) Evocations


You had 9 spell levels left.
You didn't know any spells.

Dungeon Overview and Level Annotations

Branches:
Dungeon (10/15)            Temple (1/1) D:6
   Lair: D:8-11         Orc: D:9-12

Altars:
Ashenzari
Cheibriados
Dithmenos
Elyvilon
Fedhas
Gozag
Hepliaklqana
Kikubaaqudgha
Makhleb
Nemelex Xobeh
Okawaru
Qazlal
Ru
Sif Muna
Trog
Uskayaw
Vehumet
Xom
Yredelemnul
Zin
The Shining One

Shops:
D:7 :

Annotations:
D:9 GordonOverkill's ghost, novice MiEn


Innate Abilities, Weirdness & Mutations

You reflexively headbutt those who attack you in melee.
You have a pair of horns on your head.


Message History

You feel like a meek peon again.
The orc splashes around in the water.
The orc knight hits you with a war axe!
You closely miss the orc knight. You headbutt the orc knight!
The orc knight is heavily wounded.
The orc hits you but does no damage. The orc knight hits you with a war axe!
The orc barely misses you.
Your plate armour prevents you from hitting the orc knight.
The orc knight is heavily wounded.
The orc knight hits you with a war axe. The orc barely misses you.
You furiously retaliate!
You headbutt the orc. You slice the orc knight!!
The orc knight is almost dead.
The orc knight hits you with a war axe. The orc hits you with a hand axe.
* * * LOW HITPOINT WARNING * * *
You closely miss the orc knight.
The orc knight is almost dead.
The orc knight hits you with a war axe!
* * * LOW HITPOINT WARNING * * *
The orc hits you but does no damage. The orc knight hits you with a war axe!
You die...

#≈≈≈ #≈≈≈≈ #≈≈≈≈≈
#≈≈≈≈≈ #≈≈≈≈≈#
#≈≈≈≈≈### #≈≈≈≈≈≈.#
######.≈≈≈≈≈@#
#......≈≈≈≈oo#
###......≈≈≈≈gg#
#.............g'..g..#
#∩..∩..........'..og.#
#..............'.....#
###......≈≈≈≈≈.#.....#
#......≈≈≈≈≈.#++####
######.≈≈≈≈≈.#


You could see an orc knight, an orc and 3 hobgoblins.

Vanquished Creatures
  Gastronok (D:9)
  Pikel (D:5)
  A hill giant (D:10)
  A hippogriff (D:7)
  Prince Ribbit (D:6)
  A wraith (Ossuary)
  The ghost of Huebastard the Chopper, an amateur HOFi (D:3)
  A human (D:7)
  4 hogs (D:7)
  A mottled dragon (D:6)
  A water moccasin (D:7)
  2 slaves (D:4)
  4 orc warriors
  A phantom (D:5)
  A sky beast (D:9)
  6 ogres
  A centaur (D:8)
  Blork the orc (D:5)
  8 bullfrogs
  5 scorpions
  5 wights (D:6)
  5 crimson imps
  2 orc priests
  2 jellies
  A centaur skeleton (D:3)
  A gnoll shaman (D:5)
  2 hounds
  A bullfrog skeleton (D:5)
  5 orc wizards
  5 worker ants
  A hound zombie (D:6)
  3 hound skeletons
  A mummy (Ossuary)
  A worker ant zombie (D:6)
  10 gnolls
  6 adders
  2 shadow imps
  An ooze (D:1)
  2 adder zombies
  An adder skeleton (D:5)
  3 worms
  9 dart slugs
  3 leopard geckos
  30 orcs
  7 giant cockroaches
  17 goblins
  2 hobgoblins
  4 jackals (D:1)
  2 quokkas
  A ball python (D:3)
  8 bats
  4 frilled lizards
  6 gnoll skeletons (Ossuary)
  A jackal skeleton (D:5)
  12 kobolds
  A kobold skeleton (Ossuary)
  18 orc skeletons (Ossuary)
  6 rats
234 creatures vanquished.

Vanquished Creatures (others)
  A slave (D:5)
  A hound (D:5)
  A worker ant (D:5)
  An adder (D:5)
  A shadow imp (D:5)
5 creatures vanquished.

Grand Total: 239 creatures vanquished

Notes
Turn   | Place    | Note
-------+----------+-------------------------------------------
     0 | D:1      | Jerry the Minotaur Fighter began the quest for the Orb.
     0 | D:1      | Reached XP level 1. HP: 19/19 MP: 0/0
    88 | D:1      | Reached XP level 2. HP: 22/27 MP: 1/1
   130 | D:1      | Reached skill level 3 in Long Blades
   430 | D:1      | Reached XP level 3. HP: 23/33 MP: 2/2
  1160 | D:2      | Reached skill level 4 in Long Blades
  1160 | D:2      | Reached XP level 4. HP: 38/40 MP: 3/3
  1994 | D:3      | Reached skill level 5 in Armour
  2046 | D:3      | Reached XP level 5. HP: 47/47 MP: 4/4
  2169 | D:3      | Noticed Huebastard's ghost (amateur HOFi)
  2186 | D:3      | Killed Huebastard's ghost
  2186 | D:3      | Reached skill level 5 in Long Blades
  2186 | D:3      | Reached skill level 1 in Stealth
  2186 | D:3      | Reached skill level 1 in Evocations
  2186 | D:3      | Reached XP level 6. HP: 18/55 MP: 5/5
  3134 | D:4      | Reached skill level 5 in Fighting
  3506 | D:4      | Got a pitted hand axe
  3507 | D:4      | Identified the +1 hand axe of the End of Times {freeze, +Rage rPois Int+2 Dex-3} (You found it on level 4 of the Dungeon)
  3522 | D:5      | Entered Level 5 of the Dungeon
  3526 | D:5      | Noticed a slave
  3526 | D:5      | Noticed a slave
  3533 | D:5      | Noticed Pikel
  3546 | D:4      | Killed a slave
  3550 | D:4      | Killed a slave
  3806 | D:5      | Noticed a slave
  3812 | D:5      | Noticed a slave
  3814 | D:5      | Killed Pikel
  3814 | D:5      | Reached skill level 6 in Long Blades
  3814 | D:5      | Reached XP level 7. HP: 61/61 MP: 7/7
  4105 | D:5      | Reached skill level 7 in Long Blades
  4105 | D:5      | Reached XP level 8. HP: 37/70 MP: 7/9
  4471 | D:5      | Noticed Blork the orc
  4493 | D:5      | Killed Blork the orc
  5443 | D:6      | Reached skill level 8 in Long Blades
  5459 | D:6      | Noticed Prince Ribbit
  5948 | D:6      | Reached XP level 9. HP: 78/78 MP: 10/10
  5959 | D:6      | Reached skill level 9 in Long Blades
  6140 | D:6      | Found a staircase to the Ecumenical Temple.
  6182 | Temple   | Entered the Ecumenical Temple
  6289 | Temple   | Became a worshipper of Warmaster Okawaru
  6601 | D:6      | Found an opulent altar of Gozag.
  6658 | D:6      | Killed Prince Ribbit
  6658 | D:6      | Reached skill level 1 in Invocations
  7555 | D:7      | Found a sand-covered staircase.
  7687 | Ossuary  | Entered an ossuary
  7858 | Ossuary  | Reached * piety under Okawaru
  8176 | D:7      | Identified a scroll of acquirement
  8499 | D:7      | Reached skill level 10 in Long Blades
  8618 | D:7      | Reached XP level 10. HP: 84/86 MP: 12/12
  8668 | D:7      | Found Diuvuz's Book Shoppe.
  8689 | D:7      | Reached ** piety under Okawaru
  9026 | D:8      | Reached skill level 5 in Stealth
  9251 | D:8      | Reached skill level 5 in Evocations
  9795 | D:9      | Noticed Gastronok
 10150 | D:9      | Killed Gastronok
 10150 | D:9      | Reached *** piety under Okawaru
 10150 | D:9      | Reached skill level 11 in Long Blades
 10226 | D:9      | Noticed GordonOverkill's ghost (novice MiEn)
 10524 | D:10     | Entered Level 10 of the Dungeon
 10810 | D:10     | Noticed a hill giant
 10818 | D:10     | Killed a hill giant
 10992 | D:10     | Found a flagged portal.
 10999 | Bailey   | Entered a bailey
 11015 | Bailey   | Noticed an orc knight
 11032 | Bailey   | Slain by an orc knight

Skill      XL: |  1  2  3  4  5  6  7  8  9 10 |
---------------+-------------------------------+-----
Long Blades    | 3 4 5 6 7 8 10 11 | 11.3
Fighting       | 4 5 6 7 8 |  8.6
Armour         | 4 5 6 7 8 9 |  9.2
Stealth        | 1 2 3 4 5 |  5.7
Evocations     | 1 2 3 4 5 |  5.8
Invocations    | 2 4 |  4.3
Shields        | |  3.6

Action                   |  1- 3 |  4- 6 |  7- 9 | 10-12 || total
-------------------------+-------+-------+-------+-------++-------
Melee: Long sword        |    54 |    47 |   148 |       ||   249
       Headbutt          |    11 |    17 |    82 |    24 ||   134
       Dagger            |       |    64 |   158 |       ||   222
       Hand axe          |       |    28 |    12 |       ||    40
       Triple sword      |       |       |    39 |   118 ||   157
Invok: Heroism           |       |       |       |     4 ||     4
 Abil: Evoke Berserk Rag |       |     1 |     1 |       ||     2
  Use: Potion            |       |     1 |     2 |     2 ||     5
       Scroll            |       |     4 |    17 |       ||    21
  Eat: Chunk             |     1 |     6 |     9 |     5 ||    21
       Beef jerky        |       |     1 |       |     2 ||     3
       Bread ration      |       |       |     2 |       ||     2
Armor: Scale mail        |    44 |    71 |    99 |       ||   214
       Plate armour      |       |       |    84 |    89 ||   173
Dodge: Dodged            |    35 |    58 |   120 |    52 ||   265
       Rpst.: Long sword |    13 |     4 |    19 |       ||    36
       Triple sword      |       |       |     3 |    15 ||    18
